TOP OF THE 1ST |
Toronto Blue Jays batting - Pitching for New York Yankees : RHP Chad Curry
|
Pitching: RHP Chad Curry
|
|
Batting: RHB David Casas
|
0-0: Swinging Strike 0-1: Swinging Strike 0-2: Strikes out swinging
|
Batting: SHB Matt Altieri
|
0-0: Foul Ball, location: 2F 0-1: Foul Ball, location: 2F 0-2: Ball 1-2: Fly out, F7 (Flyball, 78S, EV 84.4 MPH)
|
Batting: LHB Jon Schick
|
0-0: Swinging Strike 0-1: Ball 1-1: Called Strike 1-2: SINGLE (Flyball, 8RS, EV 84.4 MPH)
|
Batting: LHB Michael Byrd
|
0-0: Ball 1-0: Called Strike 1-1: Ball 2-1: Ball 3-1: Base on Balls Jon Schick to second
|
Batting: RHB Donny Burnside
|
0-0: Ball 1-0: Ball 2-0: Foul Ball, location: 2F 2-1: Fielders Choice at 2nd, 6-4 (Groundball, 6, EV 81.9 MPH)
|
Top of the 1st over - 0 runs, 1 hit, 0 errors, 2 left on base; Toronto 0 - New York 0 |
BOTTOM OF THE 1ST |
New York Yankees batting - Pitching for Toronto Blue Jays : LHP Stacy Hootentootin
|
Pitching: LHP Stacy Hootentootin
|
|
Batting: LHB Jason Peck
|
0-0: Ball 1-0: Called Strike 1-1: Ball 2-1: Ball 3-1: Foul Ball, location: 2F 3-2: Foul Ball, location: 2F 3-2: Foul Ball, location: 2F 3-2: Base on Balls
|
Batting: RHB C.J. Richerson
|
0-0: DOUBLE (Flyball, 89D, EV 107.5 MPH) Jason Peck to third
|
Batting: SHB Bartholomeu Chambino
|
0-0: Called Strike 0-1: Ball 1-1: DOUBLE (Groundball, 5L, EV 108.8 MPH) Jason Peck scores C.J. Richerson scores
|
Batting: LHB Evan Torraville
|
0-0: Called Strike 0-1: Ball 1-1: Fly out, F9 (Flyball, 9, EV 89.4 MPH)
|
Batting: RHB Shiro Suehiro
|
0-0: Foul Ball, location: 2F 0-1: Ball 1-1: Foul Ball, location: 2F 1-2: Fly out, F9 (Flyball, 9D, EV 104.4 MPH) Runner from 2nd tags up, SAFE at 3rd, no throw by RF
|
Batting: LHB Jim Skare
|
0-0: Swinging Strike 0-1: Called Strike 0-2: Foul Ball, location: 2F 0-2: Foul Ball, location: 2F 0-2: Foul Ball, location: 2F 0-2: Strikes out looking
|
Bottom of the 1st over - 2 runs, 2 hits, 0 errors, 1 left on base; Toronto 0 - New York 2 |
TOP OF THE 2ND |
Toronto Blue Jays batting - Pitching for New York Yankees : RHP Chad Curry
|
Batting: SHB Mark Rennie
|
0-0: Bunt missed! 0-1: Ball 1-1: Called Strike 1-2: Strikes out swinging
|
Batting: LHB Willis Robles
|
0-0: Foul Ball, location: 2F 0-1: Ball 1-1: Ball 2-1: Called Strike 2-2: Ball 3-2: Strikes out looking
|
Batting: LHB Nate Dean
|
0-0: Called Strike 0-1: Ball 1-1: Ball 2-1: Swinging Strike 2-2: Ball 3-2: Foul Ball, location: 2F 3-2: Base on Balls
|
Batting: RHB Kirk Arp
|
0-0: Called Strike 0-1: Fly out, F7 (Flyball, 78S, EV 85.6 MPH)
|
Top of the 2nd over - 0 runs, 0 hits, 0 errors, 1 left on base; Toronto 0 - New York 2 |
BOTTOM OF THE 2ND |
New York Yankees batting - Pitching for Toronto Blue Jays : LHP Stacy Hootentootin
|
Batting: RHB Geni Prawiranega
|
0-0: Ball 1-0: Foul Ball, location: 2F 1-1: Ball 2-1: Ball 3-1: Foul Ball, location: 2F 3-2: Foul Ball, location: 2F 3-2: Base on Balls
|
Batting: RHB Russ Shambaugh
|
0-0: Foul Ball, location: 2F 0-1: Ball 1-1: Called Strike 1-2: Foul Ball, location: 2F 1-2: Strikes out swinging
|
Batting: SHB Victor Ruiz
|
0-0: DOUBLE (Line Drive, 8LXD, EV 104.4 MPH) Geni Prawiranega to third Runner from 3rd tries for Home, SAFE, no throw by CF
|
Batting: LHB Jason Peck
|
0-0: Called Strike 0-1: Ball 1-1: Swinging Strike 1-2: Strikes out swinging
|
Batting: RHB C.J. Richerson
|
0-0: Called Strike 0-1: Foul Ball, location: 2F 0-2: Ball 1-2: Ball 2-2: Ball 3-2: Strikes out swinging
|
Bottom of the 2nd over - 1 run, 1 hit, 0 errors, 1 left on base; Toronto 0 - New York 3 |
TOP OF THE 3RD |
Toronto Blue Jays batting - Pitching for New York Yankees : RHP Chad Curry
|
Batting: RHB David Casas
|
0-0: Called Strike 0-1: Ball 1-1: Ball 2-1: Ball 3-1: Bunt missed! 3-2: Strikes out swinging
|
Batting: SHB Matt Altieri
|
0-0: Foul Ball, location: 2F 0-1: Ball 1-1: Called Strike 1-2: Foul Ball, location: 2F 1-2: SOLO HOME RUN (Flyball, 9D, EV 101.2 MPH), Distance : 382 ft
|
Batting: LHB Jon Schick
|
0-0: Reached via error on a dropped throw from 1B, E1 (Groundball, 34S, EV 78.1 MPH)
|
Batting: LHB Michael Byrd
|
0-0: Called Strike Jon Schick steals 2nd base 0-1: Ball 1-1: Ball 2-1: Ball 3-1: Base on Balls
|
Batting: RHB Donny Burnside
|
0-0: Ball 1-0: Ball 2-0: Ball 3-0: DOUBLE (Line Drive, 8RD, EV 100.6 MPH) Jon Schick scores Michael Byrd to third Runner from 3rd tries for Home, SAFE, throw by CF to trailing runner, SAFE at third!
|
Batting: SHB Mark Rennie
|
0-0: Foul Ball, location: 2F 0-1: Foul Ball, location: 2F 0-2: Ball 1-2: Ball 2-2: Strikes out swinging
|
Batting: LHB Willis Robles
|
0-0: Ball 1-0: Ball 2-0: Called Strike 2-1: Ball 3-1: Swinging Strike 3-2: Base on Balls
|
Batting: LHB Nate Dean
|
0-0: Ball 1-0: Ball 2-0: Swinging Strike 2-1: Called Strike Willis Robles steals 2nd base 2-2: Ball 3-2: Base on Balls
|
Batting: RHB Kirk Arp
|
0-0: Ball 1-0: Called Strike 1-1: Ball 2-1: Ball 3-1: Fielders Choice at 2nd, 6-4 (Groundball, 6, EV 83.8 MPH)
|
Top of the 3rd over - 3 runs, 2 hits, 1 error, 3 left on base; Toronto 3 - New York 3 |
BOTTOM OF THE 3RD |
New York Yankees batting - Pitching for Toronto Blue Jays : LHP Stacy Hootentootin
|
Batting: SHB Bartholomeu Chambino
|
0-0: SINGLE (Groundball, 13, EV 66.9 MPH) (infield hit)
|
Batting: LHB Evan Torraville
|
0-0: Called Strike 0-1: Ball 1-1: Called Strike 1-2: Foul Ball, location: 2F 1-2: Grounds into double play, U6-3 (Groundball, 4MD, EV 105.6 MPH)
|
Batting: RHB Shiro Suehiro
|
0-0: Ball 1-0: Ball 2-0: Ball 3-0: Called Strike 3-1: Base on Balls
|
Batting: LHB Jim Skare
|
0-0: Fly out, F9 (Line Drive, 9, EV 96.2 MPH)
|
Bottom of the 3rd over - 0 runs, 1 hit, 0 errors, 1 left on base; Toronto 3 - New York 3 |
TOP OF THE 4TH |
Toronto Blue Jays batting - Pitching for New York Yankees : RHP Chad Curry
|
Batting: RHB David Casas
|
0-0: Foul Ball, location: 2F 0-1: Ball 1-1: Swinging Strike 1-2: Ball 2-2: Strikes out swinging
|
Batting: SHB Matt Altieri
|
0-0: Ball 1-0: Ball 2-0: Ground out U3 (Groundball, 3L, EV 85.0 MPH)
|
Batting: LHB Jon Schick
|
0-0: Ball 1-0: Ball 2-0: Ball 3-0: Base on Balls
|
Batting: LHB Michael Byrd
|
0-0: Called Strike 0-1: Fly out, F9 (Flyball, 9S, EV 78.8 MPH)
|
Top of the 4th over - 0 runs, 0 hits, 0 errors, 1 left on base; Toronto 3 - New York 3 |
BOTTOM OF THE 4TH |
New York Yankees batting - Pitching for Toronto Blue Jays : LHP Stacy Hootentootin
|
Batting: RHB Geni Prawiranega
|
0-0: Ball 1-0: Ball 2-0: DOUBLE (Line Drive, 78XD, EV 98.8 MPH)
|
Batting: RHB Russ Shambaugh
|
0-0: Sac Bunt to 2R - play at first, batter OUT! 2-3 Geni Prawiranega to third
|
Batting: SHB Victor Ruiz
|
0-0: Ground out 6-3 (Groundball, 6, EV 85.6 MPH)
|
Batting: LHB Jason Peck
|
0-0: Ball 1-0: Ball 2-0: Called Strike 2-1: Called Strike 2-2: Foul Ball, location: 2F 2-2: Strikes out swinging
|
Bottom of the 4th over - 0 runs, 1 hit, 0 errors, 1 left on base; Toronto 3 - New York 3 |
TOP OF THE 5TH |
Toronto Blue Jays batting - Pitching for New York Yankees : RHP Chad Curry
|
Batting: RHB Donny Burnside
|
0-0: Ball 1-0: Ball 2-0: Foul Ball, location: 2F 2-1: Foul Ball, location: 2F 2-2: Ball 3-2: Foul Ball, location: 2F 3-2: Strikes out swinging
|
Batting: SHB Mark Rennie
|
0-0: Called Strike 0-1: Foul Ball, location: 2F 0-2: Ball 1-2: Foul Ball, location: 2F 1-2: Foul Ball, location: 2F 1-2: Strikes out swinging
|
Pitching: RHP Eric Aguilar
|
|
Batting: LHB Willis Robles
|
0-0: Ball 1-0: SOLO HOME RUN (Flyball, 9LD, EV 93.8 MPH), Distance : 336 ft
|
Batting: LHB Nate Dean
|
0-0: Called Strike 0-1: Foul Ball, location: 2F 0-2: Ball 1-2: Ball 2-2: Foul Ball, location: 2F 2-2: Foul Ball, location: 2F 2-2: Strikes out looking
|
Top of the 5th over - 1 run, 1 hit, 0 errors, 0 left on base; Toronto 4 - New York 3 |
BOTTOM OF THE 5TH |
New York Yankees batting - Pitching for Toronto Blue Jays : LHP Stacy Hootentootin
|
Batting: RHB C.J. Richerson
|
0-0: Ball 1-0: Foul Ball, location: 2F 1-1: Called Strike 1-2: Fly out, F5 (Line Drive, 56, EV 68.1 MPH)
|
Batting: SHB Bartholomeu Chambino
|
0-0: Ball 1-0: Foul Ball, location: 2F 1-1: Called Strike 1-2: Ball 2-2: Ground out 6-3 (Groundball, 6, EV 105.0 MPH)
|
Batting: LHB Evan Torraville
|
0-0: Foul Ball, location: 2F 0-1: Ball 1-1: Ball 2-1: Ground out 4-3 (Groundball, 4, EV 108.1 MPH)
|
Bottom of the 5th over - 0 runs, 0 hits, 0 errors, 0 left on base; Toronto 4 - New York 3 |
TOP OF THE 6TH |
Toronto Blue Jays batting - Pitching for New York Yankees : RHP Eric Aguilar
|
Batting: RHB Kirk Arp
|
0-0: Called Strike 0-1: Ball 1-1: Ground out 4-3 (Groundball, 4M, EV 106.9 MPH)
|
Batting: RHB David Casas
|
0-0: Foul Ball, location: 2F 0-1: Foul Ball, location: 2F 0-2: Strikes out swinging
|
Batting: SHB Matt Altieri
|
0-0: SOLO HOME RUN (Line Drive, 9LD, EV 90.6 MPH), Distance : 339 ft
|
Batting: LHB Jon Schick
|
0-0: Ball 1-0: Ball 2-0: Ball 3-0: Called Strike 3-1: Foul Ball, location: 2F 3-2: SINGLE (Flyball, 56D, EV 88.8 MPH) - OUT at second base trying to stretch hit.
|
Top of the 6th over - 1 run, 2 hits, 0 errors, 0 left on base; Toronto 5 - New York 3 |
BOTTOM OF THE 6TH |
New York Yankees batting - Pitching for Toronto Blue Jays : LHP Stacy Hootentootin
|
Batting: RHB Shiro Suehiro
|
0-0: Ball 1-0: Ball 2-0: Ball 3-0: Base on Balls
|
Batting: LHB Jim Skare
|
0-0: Ball 1-0: Foul Ball, location: 2F 1-1: Fly out, F8 (Line Drive, 89D, EV 97.5 MPH)
|
Batting: RHB Geni Prawiranega
|
0-0: Ball 1-0: Ball 2-0: Foul Ball, location: 2F 2-1: SINGLE (Groundball, 6D, EV 96.9 MPH) Shiro Suehiro to second Runner from 2nd tries for 3rd, SAFE, throw by CF made to third
|
Batting: RHB Russ Shambaugh
|
0-0: Called Strike 0-1: Swinging Strike 0-2: Strikes out swinging
|
Batting: SHB Victor Ruiz
|
0-0: Called Strike 0-1: Ball 1-1: Fly out, F9 (Flyball, 89S, EV 88.8 MPH)
|
Bottom of the 6th over - 0 runs, 1 hit, 0 errors, 2 left on base; Toronto 5 - New York 3 |
TOP OF THE 7TH |
Toronto Blue Jays batting - Pitching for New York Yankees : RHP Eric Aguilar
|
Batting: LHB Michael Byrd
|
0-0: Swinging Strike 0-1: Foul Ball, location: 2F 0-2: Strikes out swinging
|
Batting: RHB Donny Burnside
|
0-0: Called Strike 0-1: Foul Ball, location: 2F 0-2: Ball 1-2: Strikes out swinging
|
Batting: SHB Mark Rennie
|
0-0: Ball 1-0: Ball 2-0: Called Strike 2-1: SOLO HOME RUN (Flyball, 8RXD, EV 105.6 MPH), Distance : 414 ft
|
Pitching: RHP Dave Barry
|
|
Batting: LHB Willis Robles
|
0-0: Ball 1-0: Fly out, F5 (Flyball, 56D, EV 87.5 MPH)
|
Top of the 7th over - 1 run, 1 hit, 0 errors, 0 left on base; Toronto 6 - New York 3 |
BOTTOM OF THE 7TH |
New York Yankees batting - Pitching for Toronto Blue Jays : LHP Stacy Hootentootin
|
Now at 2B: Nate Dean
|
|
Now at SS: Dylan Novakowski
|
|
Batting: LHB Jason Peck
|
0-0: Ball 1-0: Ball 2-0: Swinging Strike 2-1: Called Strike 2-2: Foul Ball, location: 2F 2-2: Ball 3-2: Foul Ball, location: 2F 3-2: Base on Balls
|
Pitching: RHP Hoof Harted
|
|
Batting: RHB C.J. Richerson
|
0-0: Ball 1-0: Ball 2-0: Fly out, F8 (Flyball, 78D, EV 90.0 MPH)
|
Batting: SHB Bartholomeu Chambino
|
0-0: Called Strike 0-1: Ball 1-1: Fielders Choice at 2nd, 4-6 (Groundball, 3, EV 93.1 MPH)
|
Batting: LHB Evan Torraville
|
0-0: Called Strike Bartholomeu Chambino steals 2nd base 0-1: Swinging Strike 0-2: Foul Ball, location: 2F 0-2: Ground out 6-3 (Groundball, 4M, EV 83.1 MPH)
|
Bottom of the 7th over - 0 runs, 0 hits, 0 errors, 1 left on base; Toronto 6 - New York 3 |
TOP OF THE 8TH |
Toronto Blue Jays batting - Pitching for New York Yankees : RHP Dave Barry
|
Batting: LHB Nate Dean
|
0-0: Fly out, F8 (Flyball, 8LM, EV 80.0 MPH)
|
Batting: RHB Kirk Arp
|
0-0: Foul Ball, location: 2F 0-1: Foul Ball, location: 2F 0-2: Ball 1-2: Fly out, F7 (Flyball, 7S, EV 85.0 MPH)
|
Batting: RHB David Casas
|
0-0: Ball 1-0: Foul Ball, location: 2F 1-1: Ball 2-1: Swinging Strike 2-2: Foul Ball, location: 2F 2-2: SINGLE (Line Drive, 34D, EV 96.9 MPH)
|
Batting: SHB Matt Altieri
|
0-0: Ball 1-0: Ground out U3 (Groundball, 3L, EV 102.5 MPH)
|
Top of the 8th over - 0 runs, 1 hit, 0 errors, 1 left on base; Toronto 6 - New York 3 |
BOTTOM OF THE 8TH |
New York Yankees batting - Pitching for Toronto Blue Jays : RHP Hoof Harted
|
Now at C: Zory Larikov
|
|
Batting: RHB Shiro Suehiro
|
0-0: Called Strike 0-1: Fly out, F4 (Popup, 4, EV 50.6 MPH)
|
Batting: LHB Jim Skare
|
0-0: Called Strike 0-1: Foul Ball, location: 2F 0-2: Ball 1-2: Ball 2-2: Strikes out swinging
|
Batting: RHB Geni Prawiranega
|
0-0: Foul Ball, location: 2F 0-1: SINGLE (Flyball, 78S, EV 83.8 MPH)
|
Batting: RHB Russ Shambaugh
|
0-0: Ball 1-0: Called Strike 1-1: Ball 2-1: SINGLE (Line Drive, 89M, EV 103.1 MPH) Geni Prawiranega to second
|
Batting: SHB Victor Ruiz
|
0-0: Ball 1-0: Called Strike 1-1: Swinging Strike 1-2: Strikes out swinging
|
Bottom of the 8th over - 0 runs, 2 hits, 0 errors, 2 left on base; Toronto 6 - New York 3 |
TOP OF THE 9TH |
Toronto Blue Jays batting - Pitching for New York Yankees : RHP Dave Barry
|
Pitching: LHP Robert Cruz
|
|
Batting: LHB Jon Schick
|
0-0: Called Strike 0-1: Foul Ball, location: 2F 0-2: Foul Ball, location: 2F 0-2: Ball 1-2: Ground out 3-1 (Groundball, 34, EV 81.2 MPH)
|
Batting: SHB Dylan Novakowski
|
0-0: Ball 1-0: Ground out 6-3 (Groundball, 56, EV 78.1 MPH)
|
Batting: RHB Donny Burnside
|
0-0: Fly out, F4 (Popup, 4, EV 60.6 MPH)
|
Top of the 9th over - 0 runs, 0 hits, 0 errors, 0 left on base; Toronto 6 - New York 3 |
BOTTOM OF THE 9TH |
New York Yankees batting - Pitching for Toronto Blue Jays : RHP Hoof Harted
|
Batting: LHB Jason Peck
|
0-0: Ball 1-0: Ball 2-0: Called Strike 2-1: Foul Ball, location: 2F 2-2: Ball 3-2: Fly out, F7 (Line Drive, 7S, EV 86.2 MPH)
|
Batting: RHB C.J. Richerson
|
0-0: Ball 1-0: Ground out 5-3 (Groundball, 56S, EV 90.6 MPH)
|
Batting: SHB Bartholomeu Chambino
|
0-0: Ball 1-0: Fly out, F7 (Flyball, 78D, EV 90.6 MPH)
|
Bottom of the 9th over - 0 runs, 0 hits, 0 errors, 0 left on base; Toronto 6 - New York 3 |
|